Map: Washout LE

Players

Lambo - Winner!

  • Race: Zerg Zerg
  • Spawn Location: 7:00

Harstem

  • Race: Protoss Protoss
  • League: Grandmaster
  • Spawn Location: 1:00

Event: HomeStory Cup XXIX

VOD

Have the link to the VOD?

Description

Time

  • Played on: July 5, 2026, 7:51 a.m.
  • Length: 9:42

All games in this series

Show
View Real Time Build Order
Export as new Build Order

Lambo Zerg - Winner!

Build Orders: Hatch First, Roach Hydra 

Get SALT Encoding   

  8  0:00  Drone  
  9  0:11  Drone  
  10  0:17  Drone  
  11  0:21  Drone  
  12  0:31  Overlord  
  12  0:38  Extractor  
  12  0:39  Drone  
  13  0:50  Drone  
  13  0:51  Drone  
  15  1:00  Drone  
  16  1:13  Hatchery  
  16  1:17  Drone  
  16  1:21  Drone  
  17  1:31  Drone  
  18  1:35  Extractor  
  18  1:39  Spawning Pool  
  16  1:43  Drone  
  17  1:52  Drone  
  18  2:02  Drone  
  19  2:12  Overlord  
  19  2:23  Drone  
  19  2:25  Queen x2  
  24  2:30  Zergling x2  
  24  2:33  Zergling x2  
  24  2:36  Metabolic Boost  
  26  2:39  Drone  
  26  2:43  Zergling x2  
  28  2:46  Drone  
  29  2:51  Drone  
  29  2:55  Drone  
  31  3:00  Overlord  
  31  3:05  Drone  
  32  3:14  Hatchery  
  32  3:19  Drone  
  32  3:24  Queen  
  35  3:27  Drone  
  35  3:30  Drone x2  
  36  3:35  Drone x3  
  36  3:39  Overlord  
  39  3:51  Overlord  
  39  3:53  Queen  
  39  3:54  Spore Crawler  
  39  3:56  Spore Crawler  
  39  3:58  Drone  
  39  4:00  Drone  
  39  4:01  Drone  
  41  4:07  Drone x2  
  43  4:10  Drone x2  
  43  4:11  Drone  
  43  4:14  Drone  
  46  4:18  Drone x2  
  46  4:19  Drone  
  46  4:22  Drone  
  46  4:23  Drone  
  51  4:30  Queen  
  53  4:32  Drone x2  
  55  4:38  Zergling x2  
  55  4:39  Zergling x2  
  55  4:42  Drone x2  
  55  4:45  Overlord  
  59  4:46  Lair  
  59  4:50  Extractor  
  58  4:53  Overlord  
  58  4:55  Drone  
  59  5:02  Overlord  
  59  5:04  Drone x5  
  64  5:09  Roach Warren  
  64  5:11  Drone x4  
  64  5:13  Zergling x2  
  68  5:17  Drone x5  
  73  5:21  Extractor, Drone x2  
  73  5:22  Extractor  
  73  5:26  Overlord  
  73  5:27  Zergling x2  
  74  5:31  Drone x2  
  74  5:33  Drone  
  75  5:37  Extractor  
  75  5:39  Overlord  
  75  5:41  Overlord  
  74  5:43  Drone x2  
  74  5:44  Overlord  
  74  5:47  Overlord  
  74  5:49  Overseer  
  76  5:51  Roach x3  
  76  5:52  Evolution Chamber  
  76  5:54  Overlord  
  76  5:55  Roach  
  83  6:03  Drone x5  
  87  6:08  Drone  
  85  6:14  Extractor  
  85  6:15  Drone x5, Hydralisk Den  
  88  6:20  Hatchery  
  88  6:23  Drone  
  88  6:25  Glial Reconstitution, Zerg Missile Weapons Level 1  
  88  6:26  Roach x2  
  92  6:33  Drone x2  
  92  6:34  Overlord  
  92  6:36  Spore Crawler  
  92  6:39  Zergling x10  
  98  6:44  Zergling x8  
  102  6:49  Muscular Augments, Hydralisk  
  102  6:51  Pneumatized Carapace  
  104  6:55  Hydralisk x2  
  108  7:02  Hydralisk x3  
  108  7:05  Hydralisk x2  
  108  7:07  Overseer  
  115  7:09  Drone x2  
  115  7:12  Hydralisk  
  119  7:19  Hydralisk x3  
  119  7:22  Extractor, Hydralisk  
  126  7:31  Hydralisk x4  
  126  7:36  Hydralisk  
  126  7:37  Hydralisk  
  134  7:40  Hydralisk x2  
  134  7:43  Overlord  
  142  7:48  Overlord x2  
  142  7:50  Overlord  
  142  7:52  Overlord  
  142  7:53  Grooved Spines  
  142  7:55  Overlord  
  142  8:00  Overlord  
  142  8:02  Overlord  
  142  8:04  Overlord  
  142  8:07  Hydralisk x4  
  142  8:12  Hydralisk x2  
  150  8:15  Hydralisk  
  150  8:19  Ravager x4  
  160  8:20  Roach x2  
  160  8:23  Overseer  
  160  8:25  Roach x2  
  168  8:27  Roach  
  168  8:28  Roach  
  168  8:29  Roach  
  180  8:34  Roach x3  
  180  8:36  Roach  
  180  8:37  Roach  
  180  8:39  Roach  
  186  8:43  Roach x3  
  186  8:48  Roach x2, Overseer  
  196  8:53  Roach  
  198  8:56  Roach  
  198  9:00  Roach x2  
  198  9:06  Roach x4  
  199  9:13  Overseer x2  
  199  9:17  Hydralisk  
Show
View Real Time Build Order
Export as new Build Order

Harstem Protoss 

Build Orders: Oracle Opening 

Get SALT Encoding   

  8  0:00  Probe (Chrono Boost)  
  9  0:12  Probe (Chrono Boost)  
  10  0:19  Probe (Chrono Boost)  
  11  0:26  Probe  
  12  0:33  Pylon  
  12  0:39  Probe  
  13  0:51  Probe  
  14  0:58  Gateway  
  14  1:03  Probe (Chrono Boost)  
  15  1:07  Assimilator  
  15  1:13  Probe (Chrono Boost)  
  15  1:18  Probe (Chrono Boost)  
  17  1:29  Probe  
  18  1:41  Probe  
  19  1:51  Nexus  
  19  2:02  Cybernetics Core  
  19  2:05  Probe  
  20  2:10  Assimilator  
  20  2:18  Pylon  
  20  2:21  Probe  
  21  2:35  Adept (Chrono Boost)  
  21  2:36  Probe  
  22  2:43  Stargate  
  24  2:48  Probe  
  25  2:55  Warp Gate  
  25  3:00  Adept  
  25  3:03  Pylon  
  27  3:07  Probe (Chrono Boost)  
  27  3:08  Probe (Chrono Boost)  
  29  3:19  Probe (Chrono Boost)  
  31  3:25  Probe (Chrono Boost)  
  31  3:26  Probe (Chrono Boost)  
  32  3:27  Oracle (Chrono Boost)  
  32  3:31  Probe  
  32  3:33  Probe  
  36  3:39  Pylon  
  37  3:43  Stalker  
  39  3:49  Probe x2  
  41  4:01  Probe x2  
  41  4:02  Oracle  
  46  4:06  Pylon  
  46  4:13  Probe  
  46  4:14  Probe  
  48  4:25  Probe  
  48  4:26  Probe  
  50  4:34  Nexus  
  50  4:36  Pylon  
  50  4:37  Probe  
  52  4:45  Assimilator  
  52  4:47  Assimilator  
  52  4:50  Fleet Beacon  
  51  4:54  Stalker  
  51  4:56  Probe  
  51  4:57  Probe  
  55  5:04  Gateway  
  55  5:08  Probe  
  55  5:10  Zealot, Probe  
  60  5:21  Probe (Chrono Boost)  
  60  5:23  Probe (Chrono Boost)  
  60  5:24  Pylon  
  60  5:27  Zealot  
  63  5:32  Probe (Chrono Boost)  
  63  5:34  Probe (Chrono Boost)  
  65  5:39  Probe (Chrono Boost)  
  74  5:45  Stalker  
  74  5:47  Mothership (Chrono Boost)  
  76  5:50  Probe (Chrono Boost)  
  76  5:53  Probe (Chrono Boost)  
  78  5:57  Pylon  
  78  5:59  Stalker  
  78  6:00  Probe (Chrono Boost)  
  78  6:02  Probe (Chrono Boost)  
  81  6:06  Probe x2 (Chrono Boost)  
  83  6:14  Stalker  
  83  6:16  Stalker, Probe  
  83  6:17  Probe (Chrono Boost)  
  89  6:21  Pylon  
  89  6:22  Shield Battery  
  89  6:28  Forge  
  89  6:30  Twilight Council  
  91  6:34  Probe (Chrono Boost)  
  91  6:35  Probe (Chrono Boost)  
  91  6:44  Probe x2 (Chrono Boost)  
  91  6:46  Pylon  
  93  6:50  Stalker x2, Probe (Chrono Boost)  
  93  6:52  Assimilator  
  100  6:56  Assimilator  
  100  6:57  Probe x3 (Chrono Boost)  
  101  7:05  Probe  
  101  7:06  Charge (Chrono Boost), Probe  
  99  7:09  Gateway  
  99  7:11  Probe, Gateway  
  99  7:12  Templar Archives  
  99  7:13  Gateway, Protoss Ground Weapons Level 1 (Chrono Boost)  
  99  7:14  Gateway  
  100  7:18  Zealot  
  100  7:20  Sentry  
  104  7:27  Phoenix (Chrono Boost)  
  104  7:28  Photon Cannon  
  106  7:34  Robotics Facility  
  106  7:37  Pylon x2  
  106  7:41  Robotics Facility  
  106  7:49  High Templar  
  108  7:55  Gateway  
  108  7:56  Gateway  
  108  7:58  Pylon, Probe  
  109  8:00  Pylon  
  109  8:06  Pylon  
  109  8:07  Pylon  
  109  8:15  High Templar x2  
  109  8:18  Probe  
  114  8:21  Pylon, Photon Cannon  
  114  8:22  Psionic Storm  
  114  8:26  Immortal (Chrono Boost)  
  118  8:27  Photon Cannon  
  118  8:30  High Templar  
  118  8:33  Photon Cannon  
  120  8:36  Photon Cannon  
  120  8:37  Shield Battery  
  120  8:38  Immortal (Chrono Boost)  
  120  8:39  Zealot  
  126  8:45  Photon Cannon  
  126  8:50  Sentry  
  126  8:55  Zealot  
  126  9:03  Zealot  
  126  9:06  High Templar  
  126  9:14  Probe  
  119  9:25  Zealot x2  
  119  9:30  Pylon  
Tags
 
Add a new tag
Caveats
  • Supply blocks, unpowered buildings, or Contaminate may cause inaccurate times.
  • Supply counts are checked every 10 seconds.